 Dungeon Crawl Stone Soup version 0.30-a0-782-ge64f9170bb (webtiles) character file.

Game seed: 4130010045464325884

359950 Armakuni the Fencer (level 23, 0/178 (181) HPs)
             Began as a Human Delver on Feb 11, 2023.
             Was a Priest of Elyvilon.
             Slain by a vampire knight
             ... wielding a +0 great mace
              (11 damage)
             ... on level 2 of the Depths on Feb 18, 2023.
             The game lasted 02:54:18 (41194 turns).

Armakuni the Fencer (Human Delver)                 Turns: 41194, Time: 02:54:19

HP:   0/178 (181)   AC: 25    Str: 17    XL:     23   Next: 45%
MP:   0/34          EV: 19    Int:  8    God:    Elyvilon [***...]
Gold: 690           SH: 10    Dex: 21    Spells: 15/22 levels left

rFire   + . .      SeeInvis +    a - +9 scimitar (heavy)
rCold   + + .      Faith    .    H - +3 buckler {rC+}
rNeg    . . .      Spirit   +    g - +6 scale mail of the Dolphin {+Inv Will+ Regen+}
rPois   +          Reflect  .    E - +1 hat
rElec   .          Harm     .    T - scarf {rC+ rF+}
rCorr   .          Rampage  .    J - +1 pair of gloves
Will    +++++                    u - +2 pair of boots
Stlth   +                        I - amulet "Notas" {Spirit +Inv rPois Will+++ Int-3 Stlth-}
HPRegen 1.29/turn                N - ring of see invisible
MPRegen 0.24/turn                A - +4 ring of protection

@: studying Ranged Weapons, lightly drained
A: no striking features
}: 2/15 runes: decaying, serpentine
a: Renounce Religion, Evoke Invisibility, Purification, Heal Other, Heal Self


You were on level 2 of the Depths.
You worshipped Elyvilon.
Elyvilon was most pleased with you.
You visited 9 branches of the dungeon, and saw 38 of its levels.
You visited 1 bazaar.
You also visited: Bailey and Ice Cave.

You collected 6231 gold pieces.
You spent 5541 gold pieces at shops.

Inventory:

Hand Weapons
 a - a +9 heavy scimitar (weapon)
 b - a +9 heavy sling
Missiles
 O - 16 curare-tipped darts
Armour
 g - the +6 scale mail of the Dolphin (worn) {+Inv Will+ Regen+}
   (You found it on level 3 of the Dungeon)

   +Inv:      It lets you turn invisible.
   Regen:     It increases your rate of health regeneration.
   Will:      It increases your willpower.
 u - a +2 pair of boots (worn)
 E - a +1 hat (worn)
 H - a +3 buckler of cold resistance (worn)
 J - a +1 pair of gloves (worn)
 T - a scarf of resistance (worn)
Jewellery
 A - a +4 ring of protection (right hand)
 I - the amulet "Notas" (around neck) {Spirit +Inv rPois Will+++ Int-3 Stlth-}
   (You bought it in a shop on level 2 of the Orcish Mines)

   [amulet of guardian spirit]

   It causes incoming damage to be divided between your reserves of health and
   magic.
   Int:       It affects your intelligence (-3).
   rPois:     It protects you from poison.
   +Inv:      It lets you turn invisible.
   Will:      It greatly increases your willpower.
   Stlth:     It makes you less stealthy.
 N - a ring of see invisible (left hand)
Wands
 e - a wand of polymorph (25)
 j - a wand of iceblast (16)
 k - a wand of digging (5)
 v - a wand of flame (44)
 R - a wand of acid (9)
Scrolls
 c - 3 scrolls of poison
 d - 9 scrolls of magic mapping
 h - 2 scrolls of brand weapon
 i - 4 scrolls of fear
 n - 5 scrolls of silence
 s - 4 scrolls of enchant armour
 y - 2 scrolls of noise
 z - 14 scrolls of teleportation
 B - 4 scrolls of fog
 C - 3 scrolls of blinking
 G - 25 scrolls of identify
 K - 4 scrolls of amnesia
 M - 4 scrolls of immolation
 Q - 3 scrolls of enchant weapon
 S - 4 scrolls of vulnerability
Potions
 f - 7 potions of heal wounds
 o - 5 potions of brilliance
 p - 6 potions of mutation
 q - 2 potions of might
 r - 13 potions of curing
 w - 7 potions of lignification
 D - 2 potions of cancellation
 F - 2 potions of haste
 L - 3 potions of attraction
 P - 3 potions of flight
 W - a potion of magic
Miscellaneous
 l - a box of beasts (inert)
 m - a phantom mirror
 t - a tin of tremorstones (1/2)
 x - a piece from Xom's chessboard (15/15) (quivered)


   Skills:
 - Level 15.0 Fighting
 - Level 1.3(12.0) Short Blades
 - Level 18.2 Long Blades
 + Level 17.1 Ranged Weapons
 - Level 10.0 Armour
 - Level 15.0 Dodging
 - Level 5.0 Stealth
 - Level 10.0 Shields
 - Level 15.0 Invocations
 - Level 17.5 Evocations


You had 15 spell levels left.
You knew the following spells:

 Your Spells              Type           Power      Damage    Failure   Level
b - Blink                 Tloc           0%         N/A       91%         2
l - Lesser Beckoning      Tloc           0%         N/A       91%         2
w - Wereblood             Tmut           0%         N/A       91%         2
z - Apportation           Tloc           0%         N/A       82%         1

Your spell library contained the following spells:

 Spells                   Type           Power      Damage    Failure   Level
 Beastly Appendage        Tmut           0%         N/A       82%         1
 Foxfire                  Conj/Fire      0%         2x1d4     82%         1
 Kiss of Death            Conj/Necr      0%         2d5       82%         1
 Magic Dart               Conj           0%         1d3       82%         1
 Necrotise                Necr           0%         1d4       82%         1
 Sandblast                Erth           0%         2d4       82%         1
 Shock                    Conj/Air       0%         1d3       82%         1
 Slow                     Hex            0%         N/A       82%         1
 Call Imp                 Summ           0%         N/A       91%         2
 Cigotuvi's Dreadful Rot  Necr/Pois/Air  0%         N/A       91%         2
 Momentum Strike          Conj/Tloc      0%         3d8       91%         2
 Passwall                 Tmut/Erth      0%         N/A       91%         2
 Searing Ray              Conj           0%         2d4       91%         2
 Static Discharge         Conj/Air       0%         2-2/arc   91%         2
 Confusing Touch          Hex            0%         N/A       99%         3
 Hailstorm                Conj/Ice       0%         3d3       99%         3
 Ignite Poison            Fire/Tmut/Pois 0%         N/A       99%         3
 Kindle Blastsparks       Fire/Tloc/Air  0%         2d10      99%         3
 Mephitic Cloud           Conj/Pois/Air  0%         N/A       99%         3
 Spider Form              Tmut/Pois      0%         N/A       99%         3
 Stone Arrow              Conj/Erth      0%         3d7       99%         3
 Summon Guardian Golem    Hex/Summ       0%         N/A       99%         3
 Swiftness                Air            0%         N/A       99%         3
 Vampiric Draining        Necr           0%         2d6       99%         3
 Airstrike                Air            0%         2d(0-16)  100%        4
 Anguish                  Hex/Necr       0%         N/A       100%        4
 Animate Armour           Summ/Erth      0%         N/A       100%        4
 Cause Fear               Hex            0%         N/A       100%        4
 Dispel Undead            Necr           0%         3d6       100%        4
 Fulminant Prism          Conj/Hex       0%         3d5       100%        4
 Ice Form                 Ice/Tmut       0%         N/A       100%        4
 Leda's Liquefaction      Hex/Erth       0%         N/A       100%        4
 Summon Ice Beast         Ice/Summ       0%         N/A       100%        4
 Agony                    Necr           0%         N/A       100%        5
 Alistair's Intoxication  Tmut/Pois      0%         N/A       100%        5
 Blade Hands              Tmut           0%         N/A       100%        5
 Borgnjor's Vile Clutch   Necr/Erth      0%         N/A       100%        5
 Freezing Cloud           Conj/Ice/Air   0%         6-21      100%        5
 Irradiate                Conj/Tmut      0%         3d11      100%        5
 Iskenderun's Battlesphe  Conj           0%         2d6       100%        5
 Lee's Rapid Deconstruct  Erth           0%         3d4*      100%        5
 Summon Mana Viper        Hex/Summ       0%         N/A       100%        5
 Yara's Violent Unravell  Hex/Tmut       0%         3d3       100%        5
 Death Channel            Necr           0%         N/A       100%        6
 Iron Shot                Conj/Erth      0%         9d1       100%        6
 Simulacrum               Ice/Necr       0%         N/A       100%        6
 Statue Form              Tmut/Erth      0%         N/A       100%        6
 Dragon Form              Tmut           0%         N/A       100%        7
 Enfeeble                 Hex            0%         N/A       100%        7
 Malign Gateway           Summ/Tloc      0%         N/A       100%        7
 Monstrous Menagerie      Summ           0%         N/A       100%        7
 Ozocubu's Refrigeration  Ice            0%         4d7       100%        7
 Spellforged Servitor     Conj/Summ      0%         N/A       100%        7
 Borgnjor's Revivificati  Necr           0%         N/A       100%        8
 Lehudib's Crystal Spear  Conj/Erth      0%         10d2      100%        8
 Summon Horrible Things   Summ           0%         N/A       100%        8
 Dragon's Call            Summ           0%         N/A       100%        9


Dungeon Overview and Level Annotations

Branches:
Dungeon (15/15)            Temple (1/1) D:4            Lair (5/5) D:8
  Swamp (4/4) Lair:2        Snake (4/4) Lair:3        Slime (0/5) Lair:4
    Orc (2/2) D:10            Elf (3/3) Orc:2        Vaults (1/5) D:13
 Depths (3/4) D:15         Bailey (visited)           IceCv (visited)

Altars:
Ashenzari
Cheibriados
Dithmenos
Elyvilon
Fedhas
Gozag
Hepliaklqana
Kikubaaqudgha
Makhleb
Nemelex Xobeh
Okawaru
Qazlal
Ru
Sif Muna
Trog
Uskayaw
Vehumet
Wu Jian
Xom
Yredelemnul
Zin
The Shining One
Jiyva

Shops:
Orc:2 [==:[[:   Elf:1 *   Elf:2 *   Elf:3 *   Snake:1 *   Snake:2 (?
Snake:4 (   Depths:2 =   Depths:3 [

Portals:
Hell: Depths:1 Depths:2 Depths:3
Abyss: Depths:2
Pandemonium: Depths:2
Ziggurat: Depths:1

Annotations:
D:5 2 runed translucent doors, XanderDroid's ghost, amateur TrFi
Depths:3 Parghit


Message History

The vampire knight seems to speed up.
You shoot a sling bullet.
The sling bullet hits the vampire knight.
The vampire knight is lightly damaged.
You shoot a sling bullet.
The sling bullet hits the vampire knight!
The vampire knight is moderately damaged.
a - a +9 heavy scimitar (weapon)
The vampire knight hits you but does no damage.
The vampire knight bites you but does no damage.
You hit the vampire knight but do no damage.
The vampire knight is moderately damaged.
The vampire knight hits you with a +0 great mace!!!
You block the vampire knight's attack. x3
You are too injured to fight recklessly!
You slash the vampire knight!
The vampire knight is heavily damaged.
The vampire knight gestures at you while chanting.
You resist with almost no effort.
You slash the vampire knight!
The vampire knight is heavily damaged.
The vampire knight draws life force from you!!
* * * LOW HITPOINT WARNING * * *
The vampire knight is healed by the life force!
You block the vampire knight's attack.
The vampire knight completely misses you.
You completely miss the vampire knight.
The vampire knight is moderately damaged.
The vampire knight hits you with a +0 great mace!!
* * * LOW HITPOINT WARNING * * *
The vampire knight bites you!
* * * LOW HITPOINT WARNING * * *
The vampire knight draws strength from your injuries!
You hit the vampire knight but do no damage.
The vampire knight is moderately damaged.
The vampire knight hits you with a +0 great mace.
* * * LOW HITPOINT WARNING * * *
The vampire knight closely misses you.
The vampire knight hits you with a +0 great mace!
You die...

#.# ####....####.###.###.####....
#.# #....###...##.......##...###.
..# #...## #....#.8...<.#(...# ##
..###..## ######.......###### #
..##..## .....⌠..... ..###..##
######.......###### # ...))...##
#....#.>...8.#(...# ##
.######..###...##V......##.(.###.
.######.....####@###.###.####....
........#...# #.##.#.#.## #...#
..#####.#...#.[##..# #..# #...#
..# #.....#.. #..# #..# #...#
..### #.....#####..# #..#####.#..
....# ####.......### ###......#.#
###.# #.#.....# #....###.#
..#.#### #.####..## ##......#.#
..'....###.# ##..## ##.......#..


You could see a vampire knight (fast, invisible).

Vanquished Creatures
  A juggernaut (Depths:2)
  Josephina (Depths:2)
  Vashnia (Snake:3)
  Bai Suzhen (Snake:4)
  A golden dragon (Depths:2)
  Rupert (Snake:1)
  2 walking earthen tomes (Depths:2)
  A tentacled monstrosity (Depths:2)
  Jorgrun (Snake:1)
  3 deep elf blademasters
  2 deep elf master archers (Elf:3)
  A thorn hunter (Swamp:3)
  A tengu reaver (Depths:2)
  A storm dragon (Depths:1)
  Donald (Orc:2)
  Roxanne (Snake:1)
  2 nagarajas
  4 fire giants
  The ghost of Romunoh the Fetichist, an adept SpBr of Gozag (Snake:1)
  The ghost of Maud the Impaler, a journeyman MiFi of Okawaru (Snake:4)
  An azure jelly (Lair:4)
  2 fenstrider witches
  2 frost giants
  A ghost moth (shapeshifter) (D:15)
  Aizul (Snake:4)
  6 deep elf sorcerers (Elf:3)
  2 deep elf elementalists (Elf:3)
  7 very ugly things
  10 stone giants
  An ironbound preserver (D:13)
  A vampire knight (Depths:3)
  7 deep elf annihilators
  5 deep elf demonologists
  The ghost of Gruesome the Fighter, a journeyman FoFi of Trog (Lair:3)
  A bunyip (shapeshifter) (Depths:2)
  4 bunyips
  3 eleionomae
  A spark wasp (Depths:2)
  3 ettins
  6 fire dragons
  2 deep elf death magi (Elf:3)
  3 deep elf high priests
  2 great orbs of eyes (Depths:1)
  2 rakshasas
  2 shambling mangroves (Swamp:4)
  3 salamander tyrants
  A spriggan zombie (Depths:2)
  Erolcha (D:10)
  A ghost crab (Swamp:1)
  4 hydras
  3 ogre magi
  A catoblepas (D:14)
  3 ice dragons
  3 tengu warriors
  4 centaur warriors
  21 dancing weapons
  13 anacondas
  24 two-headed ogres
  15 alligators
  3 boulder beetles
  A deep troll earth mage (Depths:1)
  2 deep troll shamans (Depths:1)
  5 orc high priests (Orc:2)
  6 naga warriors
  A vampire mage (Depths:2)
  5 spriggan berserkers
  19 naga sharpshooters
  Sonja (D:11)
  3 hell knights (Depths:2)
  2 shock serpents
  18 deep elf knights
  2 iron trolls (Depths:1)
  3 salamander mystics (Snake:3)
  Nergalle (D:10)
  The ghost of DEFE the Martial Artist, a novice DsWn of Ru (D:8)
  10 deep trolls (Depths:1)
  5 goliath frogs
  3 naga ritualists
  7 bog bodies
  A flayed ghost (Depths:2)
  3 spriggan druids
  An orb spider (Snake:1)
  4 lindwurms
  4 swamp dragons
  A spriggan simulacrum (Depths:2)
  An obsidian statue (Snake:1)
  15 deep elf archers
  35 deep elf zephyrmancers
  4 necromancers
  2 orc knights
  22 ugly things
  35 deep elf pyromancers
  A tengu skeleton (Depths:2)
  2 phantasmal warriors (Depths:3)
  29 salamanders
  A wolf spider (D:15)
  8 cyclopes
  A frost giant zombie (Depths:2)
  An orc sorcerer (Orc:2)
  4 will-o-the-wisps
  10 mana vipers
  4 manticores
  26 elephants
  A guardian serpent (Snake:4)
  An ice statue (IceCv)
  A water nymph (shapeshifter) (Depths:1)
  11 naga magi
  36 black mambas
  A titan simulacrum (Depths:2)
  22 cane toads
  2 torpor snails (Lair:1)
  9 komodo dragons
  A freezing wraith (IceCv)
  Psyche (D:10)
  A kobold demonologist (Depths:2)
  3 unseen horrors
  2 anaconda simulacra (IceCv)
  A yaktaur (D:15)
  2 efreet (D:14)
  3 rime drakes (Lair:1)
  9 ice devils (IceCv)
  A merfolk (D:15)
  20 trolls
  3 meliai (D:14)
  7 hornets
  5 polar bears
  9 tyrant leeches
  16 blink frogs
  11 dream sheep
  22 slime creatures
  2 shadows
  3 spriggans
  A jumping spider (shapeshifter) (D:13)
  4 dire elephant simulacra (IceCv)
  36 yaks
  A yak (shapeshifter) (Elf:3)
  A fire elemental (Depths:1)
  6 wraiths
  4 water elementals
  4 wyverns
  A steam dragon (Lair:2)
  7 basilisks
  17 vampire mosquitoes
  2 death yak simulacra (IceCv)
  2 harpy simulacra (IceCv)
  4 acid dragons
  2 wargs (Orc:1)
  16 water moccasins
  16 swamp worms
  26 nagas
  A hydra simulacrum (IceCv)
  A floating eye (shapeshifter) (D:15)
  2 floating eyes (Depths:1)
  4 swamp drakes
  22 orc warriors
  6 black bears
  11 ogres
  4 boggarts (D:15)
  15 wolves
  9 centaurs
  3 phantoms
  15 kobold brigands
  14 bullfrogs
  6 necrophages
  3 gnoll sergeants
  2 cane toad simulacra (IceCv)
  2 earth elementals
  A human simulacrum (Depths:2)
  3 scorpions
  6 wights (D:8)
  A troll zombie (D:10)
  6 elephant simulacra
  5 howler monkeys
  38 killer bees
  9 electric eels
  13 jellies
  7 hounds
  3 gnoll boudas
  25 orc priests
  4 iguanas
  Terence (D:2)
  19 orc wizards
  2 polar bear simulacra (IceCv)
  A troll simulacrum (IceCv)
  2 wolf simulacra (IceCv)
  7 ogre zombies (D:10)
  17 gnolls
  8 adders
  A naga simulacrum (IceCv)
  A shadow imp (D:7)
  3 white imps
  2 worms (D:2)
  2 dart slugs (D:4)
  51 orcs
  7 bats
  7 endoplasms
  2 giant cockroaches (D:1)
  9 goblins
  6 hobgoblins
  10 jackals
  A quokka (D:1)
  7 ball pythons
  5 frilled lizards
  3 goblin skeletons (D:10)
  4 hobgoblin skeletons (D:10)
  16 kobolds
  4 orc skeletons (D:10)
  14 orc zombies (D:10)
  4 rats
1327 creatures vanquished.

Vanquished Creatures (collateral kills)
  Frances (Swamp:2)
  A nagaraja (Snake:4)
  A shambling mangrove (Swamp:2)
  A naga warrior (Snake:4)
  A dancing weapon (Elf:2)
  A naga sharpshooter (Snake:3)
  A salamander mystic (Snake:4)
  A goliath frog (Swamp:2)
  2 naga ritualists (Snake:2)
  3 mana vipers (Snake:2)
  A deep elf zephyrmancer (Elf:2)
  An orc knight (Bailey)
  2 salamanders
  A guardian serpent (Snake:3)
  3 black mambas
  A naga mage (Snake:4)
  2 hornets
  3 nagas (Snake:2)
  A hydra simulacrum (IceCv)
  An orc warrior (Bailey)
  2 elephant simulacra (IceCv)
  A polar bear simulacrum (IceCv)
  2 ufetubi (IceCv)
34 creatures vanquished.

Vanquished Creatures (others)
  the Lernaean hydra (Swamp:4)
  A deep elf death mage (Elf:3)
  10 hydras (Swamp:4)
  2 salamander tyrants
  2 anacondas
  An alligator (Swamp:4)
  3 shock serpents
  4 deep elf knights
  A goliath frog (Swamp:1)
  4 swamp dragons (Swamp:4)
  A lindwurm (Snake:4)
  An orc knight (Bailey)
  3 deep elf pyromancers
  A deep elf zephyrmancer (Elf:2)
  A mana viper (Snake:4)
  2 salamanders (Snake:2)
  4 elephants (Lair:5)
  2 guardian serpents (Snake:4)
  A freezing wraith (IceCv)
  A bloated husk (Swamp:3)
  A hornet (Swamp:4)
  A blink frog (Lair:5)
  A slime creature (D:12)
  A water elemental (Elf:3)
  2 vampire mosquitoes (Lair:5)
  A swamp worm (Swamp:4)
  A naga (Snake:1)
  6 swamp drakes
  A two-headed ogre simulacrum (IceCv)
  A bullfrog (Lair:5)
  A cane toad simulacrum (IceCv)
  A glowing shapeshifter simulacrum (Depths:2)
  An elephant simulacrum (IceCv)
  An orc priest (Orc:2)
  2 polar bear simulacra (IceCv)
  A naga simulacrum (IceCv)
  An orc (Orc:2)
  3 kobolds (D:12)
  14 foxfires
  36 fungi
  103 plants
226 creatures vanquished.

Grand Total: 1587 creatures vanquished

Notes
Turn   | Place    | Note
-------+----------+-------------------------------------------
     0 | D:5      | Armakuni the Human Delver began the quest for the Orb.
     0 | D:5      | Reached XP level 1. HP: 18/18 MP: 1/1
     0 | D:5      | Noticed XanderDroid's ghost (amateur TrFi)
    16 | D:5      | Found a blossoming altar of Fedhas.
    23 | D:5      | Noticed an orc priest
    39 | D:5      | Noticed a black bear
    82 | D:4      | Noticed a necrophage
   149 | D:4      | Found a white marble altar of Elyvilon.
   168 | D:4      | Became a worshipper of Elyvilon the Healer
   245 | D:3      | Identified the +6 scale mail of the Dolphin {+Inv Will+
                  | Regen+}
   270 | D:3      | Reached XP level 2. HP: 24/24 MP: 2/2
   302 | D:3      | Noticed a centaur
   307 | D:2      | Noticed Terence
   317 | D:2      | Reached skill level 1 in Short Blades
   317 | D:2      | Reached skill level 1 in Armour
   332 | D:2      | Reached XP level 3. HP: 22/29 MP: 3/3
   443 | D:3      | Killed a centaur
   444 | D:3      | Reached skill level 3 in Long Blades
   444 | D:3      | Reached XP level 4. HP: 35/35 MP: 4/4
   444 | D:3      | Reached XP level 5. HP: 41/41 MP: 5/5
   512 | D:2      | Reached skill level 4 in Long Blades
   685 | D:1      | Reached * piety under Elyvilon
  1490 | D:2      | Killed Terence
  1698 | D:3      | Reached ** piety under Elyvilon
  1737 | D:3      | Reached XP level 6. HP: 42/47 MP: 6/6
  1754 | D:3      | Reached skill level 5 in Long Blades
  1861 | D:3      | Found a faded altar of an unknown god.
  2174 | D:4      | Noticed an ogre
  2174 | D:4      | Found a staircase to the Ecumenical Temple.
  2189 | D:4      | Killed an ogre
  2210 | Temple   | Entered the Ecumenical Temple
  2656 | D:4      | Noticed a black bear
  2679 | D:4      | Killed a black bear
  2680 | D:4      | Reached skill level 6 in Long Blades
  2680 | D:4      | Reached skill level 1 in Evocations
  2680 | D:4      | Reached XP level 7. HP: 51/52 MP: 5/7
  2752 | D:4      | Noticed a water moccasin
  2772 | D:4      | Killed a water moccasin
  3008 | D:4      | Reached XP level 8. HP: 57/58 MP: 8/8
  3029 | D:4      | Reached skill level 7 in Long Blades
  3258 | D:4      | Reached skill level 8 in Long Blades
  3352 | D:5      | Reached skill level 1 in Invocations
  3724 | D:5      | Found a runed translucent door.
  3845 | D:6      | Reached XP level 9. HP: 57/60 MP: 11/11
  3984 | D:6      | Reached skill level 9 in Long Blades
  4253 | D:6      | Found a sacrificial altar of Ru.
  4359 | D:6      | Noticed a troll
  4367 | D:6      | Killed a troll
  4368 | D:6      | Reached skill level 5 in Invocations
  5772 | D:8      | Reached skill level 10 in Long Blades
  5778 | D:8      | Noticed a two-headed ogre
  5843 | D:8      | Killed a two-headed ogre
  5844 | D:8      | Reached XP level 10. HP: 66/70 MP: 13/15
  5888 | D:8      | Found a staircase to the Lair.
  5938 | D:8      | Reached skill level 11 in Long Blades
  6142 | D:8      | Found a runed translucent gate.
  6142 | D:8      | Noticed DEFE's ghost (novice DsWn)
  6143 | D:8      | Found a runed translucent gate.
  6143 | D:8      | Found a runed translucent gate.
  6330 | D:8      | Noticed a two-headed ogre
  6348 | D:8      | Killed a two-headed ogre
  6684 | D:9      | Identified a scroll of acquirement
  6684 | D:9      | Acquired 658 gold pieces
  6845 | D:9      | Found a flagged portal.
  6861 | Bailey   | Entered a bailey
  7093 | Bailey   | Reached XP level 11. HP: 67/75 MP: 18/18
  7155 | Bailey   | Reached skill level 12 in Long Blades
  7165 | Bailey   | Noticed an orc knight
  7165 | Bailey   | Noticed an orc knight
  7165 | Bailey   | Noticed an orc knight
  7205 | Bailey   | Killed an orc knight
  7206 | Bailey   | Reached skill level 10 in Invocations
  7216 | Bailey   | Killed an orc knight
  7301 | D:9      | Upgraded the game from 0.30-a0-760-g5a9884bb7c to
                  | 0.30-a0-772-g5528072125
  7387 | D:9      | Found a glowing golden altar of the Shining One.
  7534 | D:9      | Reached skill level 13 in Long Blades
  7870 | D:10     | Entered Level 10 of the Dungeon
  7929 | D:10     | Noticed a two-headed ogre
  7944 | D:10     | Killed a two-headed ogre
  7998 | D:10     | Noticed Nergalle
  8009 | D:10     | Killed Nergalle
  8146 | D:10     | Noticed Psyche
  8150 | D:10     | Killed Psyche
  8246 | D:10     | Found a staircase to the Orcish Mines.
  8469 | D:10     | Noticed Erolcha
  8477 | D:10     | Killed Erolcha
  8478 | D:10     | Reached skill level 5 in Fighting
  8549 | D:10     | Found an ornate altar of the Wu Jian Council.
  8603 | D:10     | Found a snail-covered altar of Cheibriados.
  8636 | D:10     | Reached XP level 12. HP: 50/88 MP: 19/19
  8753 | D:10     | Noticed a two-headed ogre
  8778 | D:10     | Killed a two-headed ogre
  9455 | D:11     | Noticed a two-headed ogre
  9459 | D:11     | Killed a two-headed ogre
  9604 | D:11     | Noticed a two-headed ogre
  9617 | D:11     | Killed a two-headed ogre
  9705 | D:11     | Noticed Sonja
  9714 | D:11     | Killed Sonja
  9795 | D:11     | Reached *** piety under Elyvilon
  9799 | D:11     | Noticed a boulder beetle
  9822 | D:11     | Killed a boulder beetle
  9823 | D:11     | Reached skill level 10 in Fighting
 10281 | D:12     | Reached skill level 5 in Dodging
 10522 | D:11     | Reached XP level 13. HP: 103/103 MP: 20/20
 10869 | D:11     | Acquired 770 gold pieces
 11888 | D:13     | Reached skill level 10 in Dodging
 11942 | D:13     | Learned a level 2 spell: Wereblood
 12108 | Orc:1    | Entered Level 1 of the Orcish Mines
 12384 | Orc:2    | Entered Level 2 of the Orcish Mines
 12385 | Orc:2    | Found a flickering gateway to a bazaar.
 12392 | Orc:2    | Found Zammioc's Antique Armour Boutique.
 12395 | Bazaar   | Entered a bazaar
 12395 | Bazaar   | Found Jeegun's Jewellery Shoppe.
 12419 | Bazaar   | Found Oneanil's Magic Scroll Boutique.
 12424 | Bazaar   | Found Qomeesho's Jewellery Shop.
 12448 | Bazaar   | Found Epaiseo's Antique Armour Shop.
 12458 | Bazaar   | Found Kahoc's General Store.
 12466 | Bazaar   | Bought a scroll of brand weapon for 66 gold pieces
 12476 | Bazaar   | Bought a scroll of identify for 14 gold pieces
 12476 | Bazaar   | Bought a scroll of enchant armour for 52 gold pieces
 12476 | Bazaar   | Bought a wand of iceblast (7) for 117 gold pieces
 12506 | Bazaar   | Bought a scroll of blinking for 90 gold pieces
 12506 | Bazaar   | Bought a scroll of enchant weapon for 90 gold pieces
 12506 | Bazaar   | Bought a scroll of identify for 24 gold pieces
 12506 | Bazaar   | Bought a scroll of identify for 24 gold pieces
 12506 | Bazaar   | Bought a scroll of fog for 48 gold pieces
 12506 | Bazaar   | Bought a scroll of teleportation for 36 gold pieces
 12506 | Bazaar   | Bought a scroll of teleportation for 36 gold pieces
 12506 | Bazaar   | Bought a scroll of vulnerability for 48 gold pieces
 12512 | Bazaar   | Bought a +4 ring of protection for 360 gold pieces
 12514 | Bazaar   | Bought a ring of willpower for 250 gold pieces
 12963 | Orc:2    | Found Reugrif's Antique Armour Shoppe.
 12990 | Orc:2    | Found a staircase to the Elven Halls.
 12990 | Orc:2    | Noticed an ogre mage
 12991 | Orc:2    | Noticed Donald
 13001 | Orc:2    | Killed an ogre mage
 13005 | Orc:2    | Killed Donald
 13049 | Orc:2    | Reached XP level 14. HP: 103/110 MP: 21/21
 13265 | Orc:2    | Found Riuc's Armour Emporium.
 13265 | Orc:2    | Found Jekhute's Jewellery Shoppe.
 13266 | Orc:2    | Found Anuozeoff's Book Shoppe.
 13270 | Orc:2    | Found Miqigo Ofya's Jewellery Emporium.
 13305 | Orc:2    | Bought the amulet "Notas" {Spirit +Inv rPois Will+++ Int-3
                  | Stlth-} for 1164 gold pieces
 13417 | Orc:2    | Found Seelatyu's Book Shop.
 13541 | Orc:2    | Bought a +1 pair of gloves for 172 gold pieces
 13666 | Lair:1   | Entered Level 1 of the Lair of Beasts
 13694 | Lair:1   | Reached **** piety under Elyvilon
 13731 | Lair:1   | Found the +4 skin of Zhor {*Englaciate rC+++ SInv}
 13816 | Lair:1   | Reached skill level 10 in Armour
 13848 | Lair:1   | Reached skill level 1 in Shields
 13896 | Lair:1   | Found a frozen archway.
 13910 | IceCv    | Entered an ice cave
 14299 | IceCv    | Found an ancient bone altar of Kikubaaqudgha.
 14303 | IceCv    | Reached skill level 5 in Shields
 14559 | IceCv    | Got the Secrets of Grim Rime
 15532 | Lair:2   | Found a staircase to the Swamp.
 15770 | Lair:2   | Reached XP level 15. HP: 90/120 MP: 18/22
 16058 | Lair:3   | Reached ***** piety under Elyvilon
 16206 | Lair:3   | Found a runed translucent gate.
 16207 | Lair:3   | Found a runed translucent gate.
 16251 | Lair:3   | Found a runed translucent gate.
 16256 | Lair:3   | Found a viscous altar of Jiyva.
 16256 | Lair:3   | Noticed Gruesome's ghost (journeyman FoFi)
 16352 | Lair:3   | Identified the +6 hand axe "Killer Klown's Bane" {holy,
                  | *Noise Str+2 Int+6}
 16482 | Lair:3   | Found a staircase to the Snake Pit.
 16900 | Lair:4   | Found a staircase to the Slime Pits.
 16912 | Lair:4   | Found a viscous altar of Jiyva.
 16985 | Lair:4   | You fall into a shaft and drop 1 floor!
 16985 | Lair:5   | Entered Level 5 of the Lair of Beasts
 17694 | Lair:4   | Reached skill level 15 in Fighting
 17694 | Lair:4   | Reached skill level 14 in Long Blades
 17906 | Lair:4   | Got the Papyrus of Dynamic Resurrection
 18026 | Lair:4   | Reached ****** piety under Elyvilon
 18168 | Lair:4   | Noticed an azure jelly
 18183 | Lair:4   | Killed an azure jelly
 18529 | Lair:5   | Reached XP level 16. HP: 130/136 MP: 23/23
 18961 | Lair:5   | Reached skill level 15 in Long Blades
 19495 | Lair:3   | Killed Gruesome's ghost
 19651 | Swamp:1  | Entered Level 1 of the Swamp
 19779 | Swamp:1  | Reached skill level 1 in Ranged Weapons
 20185 | Swamp:1  | You fall into a shaft and drop 1 floor!
 20229 | Swamp:2  | Noticed Frances
 20249 | Swamp:2  | Killed Frances
 20250 | Swamp:2  | Reached skill level 5 in Evocations
 20535 | Swamp:1  | Identified the +1 war axe of the Lumpy Xalams {heavy,
                  | Str+3}
 21039 | Swamp:2  | Reached skill level 5 in Ranged Weapons
 21041 | Swamp:2  | Noticed a fenstrider witch
 21111 | Swamp:1  | Killed a fenstrider witch
 21734 | Swamp:3  | Reached XP level 17. HP: 135/142 MP: 25/25
 21810 | Swamp:3  | Noticed a thorn hunter
 21819 | Swamp:3  | Killed a thorn hunter
 22220 | Swamp:4  | Entered Level 4 of the Swamp
 22270 | Swamp:4  | HP: 1/142 [hornet[a shambling mangrove] (8)]
 22270 | Swamp:4  | Elyvilon protects you from harm!
 23008 | Swamp:4  | Paralysed by a hornet for 2 turns
 23030 | Swamp:4  | Noticed the 27-headed Lernaean hydra
 23032 | Swamp:4  | Pacified the 27-headed Lernaean hydra
 23039 | Swamp:4  | Killed the 27-headed Lernaean hydra
 23268 | Swamp:4  | Got a decaying rune of Zot
 23407 | Swamp:4  | Learned a level 2 spell: Blink
 23410 | Swamp:4  | Learned a level 2 spell: Lesser Beckoning
 23545 | Snake:1  | Entered Level 1 of the Snake Pit
 23583 | Snake:1  | Reached skill level 10 in Evocations
 23980 | Snake:1  | Reached skill level 10 in Ranged Weapons
 24108 | Snake:1  | Noticed Rupert
 24121 | Snake:1  | Killed Rupert
 24431 | Snake:1  | Identified Roxanne's Disquisition on Transfiguration
 24431 | Snake:1  | Noticed Roxanne
 24520 | Snake:1  | Found a runed translucent gate.
 24520 | Snake:1  | Found a runed translucent gate.
 24521 | Snake:1  | Found a runed translucent gate.
 24524 | Snake:1  | Found an opulent altar of Gozag.
 24526 | Snake:1  | Noticed Romunoh's ghost (adept SpBr)
 24527 | Snake:1  | Found Retwe's Assorted Antiques.
 24912 | Snake:2  | Reached XP level 18. HP: 132/149 MP: 26/26
 25201 | Snake:2  | Found a broken altar of Ashenzari.
 25461 | Snake:2  | Found Xoexeutt's Magic Scroll Boutique.
 25509 | Snake:2  | Bought a scroll of fog for 72 gold pieces
 25509 | Snake:2  | Bought a scroll of teleportation for 54 gold pieces
 25517 | Snake:2  | Found Wesewuz's Antique Weapon Emporium.
 25529 | Snake:2  | Bought a glowing sling for 103 gold pieces
 25893 | Snake:3  | Noticed Vashnia
 25956 | Snake:3  | Killed Vashnia
 26237 | Snake:3  | Upgraded the game from 0.30-a0-772-g5528072125 to
                  | 0.30-a0-782-ge64f9170bb
 26831 | Snake:4  | Entered Level 4 of the Snake Pit
 26917 | Snake:4  | Noticed Aizul
 26937 | Snake:4  | Killed Aizul
 27096 | Snake:4  | Found Kefah's Antique Weapon Shoppe.
 27102 | Snake:4  | Bought a twisted falchion for 328 gold pieces
 27102 | Snake:4  | Identified the +0 falchion of the Ring {vamp, rElec rC+ rN+
                  | Will+} (You bought it in a shop on level 4 of the Snake
                  | Pit)
 27233 | Snake:4  | Found a large runed translucent door.
 27234 | Snake:4  | Found a large runed translucent door.
 27238 | Snake:4  | Noticed Maud's ghost (journeyman MiFi)
 27290 | Snake:4  | Noticed Bai Suzhen
 27316 | Snake:4  | Killed Bai Suzhen
 27626 | Snake:4  | Reached XP level 19. HP: 124/155 MP: 29/29
 28050 | Snake:4  | Reached skill level 15 in Invocations
 28085 | Snake:4  | Got a serpentine rune of Zot
 28604 | Elf:1    | Entered Level 1 of the Elven Halls
 28839 | Elf:1    | Found Homarar's Assorted Antiques.
 28846 | Elf:1    | Bought a scroll of blinking for 217 gold pieces
 28927 | Elf:1    | Noticed a Brimstone Fiend
 29074 | Elf:1    | Reached skill level 15 in Dodging
 30121 | Elf:2    | Got the Incunable of Contamination
 30385 | Elf:2    | Found Hogh's Assorted Antiques.
 30391 | Elf:2    | Bought 3 scrolls of immolation for 408 gold pieces
 30391 | Elf:2    | Bought a murky cyan potion for 30 gold pieces
 30489 | Elf:2    | Reached XP level 20. HP: 161/162 MP: 31/31
 30750 | Elf:2    | Found a runed translucent gate.
 30750 | Elf:2    | Found a runed translucent gate.
 30750 | Elf:2    | Found a runed translucent gate.
 30919 | Elf:2    | Reached skill level 10 in Shields
 30954 | Elf:3    | Entered Level 3 of the Elven Halls
 30976 | Elf:3    | Found Ejeirch's Eclectic Emporium.
 31828 | Elf:3    | Reached skill level 16 in Long Blades
 32468 | Elf:3    | Identified the amulet "Xoenooli" {Reflect Drain MP+9 Int+4
                  | Dex+4 SH+5}
 32476 | Elf:3    | Reached skill level 17 in Long Blades
 32503 | Elf:3    | Noticed a Tzitzimitl
 32813 | Elf:3    | Identified the +10 lajatang "Vederr" {protect, Fragile
                  | rPois rN++ Dex+3}
 32881 | Elf:3    | Got the Codex of Injurious Charms
 33198 | Elf:3    | Bought a potion of experience for 650 gold pieces
 33198 | Elf:3    | Reached skill level 18 in Long Blades
 33198 | Elf:3    | Reached XP level 21. HP: 168/168 MP: 32/32
 33520 | D:8      | Killed DEFE's ghost
 33736 | Snake:1  | Reached XP level 22. HP: 115/175 MP: 15/33
 33780 | Snake:1  | Killed Romunoh's ghost
 33935 | Snake:4  | Killed Maud's ghost
 34035 | Snake:1  | Bought 2 bubbling amethyst potions for 48 gold pieces
 34113 | Snake:1  | Killed Roxanne
 34128 | Snake:1  | Noticed Jorgrun
 34140 | Snake:1  | Killed Jorgrun
 34873 | D:13     | Found a gate to the Vaults.
 35605 | D:14     | Found a bloodstained altar of Trog.
 35809 | Elf:3    | Bought a manual of Evocations for 1040 gold pieces
 35996 | Vaults:1 | Entered Level 1 of the Vaults
 36008 | Vaults:1 | Acquired a manual of Ranged Weapons
 36880 | D:15     | Entered Level 15 of the Dungeon
 37021 | D:15     | Identified the +3 leather armour "Zoicrieh" {Harm Str+3
                  | Slay+3}
 37102 | D:15     | Found a broken altar of Ashenzari.
 37212 | D:15     | Found a staircase to the Depths.
 37699 | Depths:1 | Entered Level 1 of the Depths
 37699 | Depths:1 | Found a gateway to Hell.
 37966 | Depths:1 | Reached skill level 15 in Evocations
 38005 | Depths:1 | Found a shadowy altar of Dithmenos.
 38026 | Depths:1 | Learned a level 1 spell: Apportation
 38071 | Depths:1 | Found a one-way gateway to a ziggurat.
 38071 | Depths:1 | Paralysed by a floating eye for 4 turns
 38224 | Depths:1 | Paralysed by a floating eye for 3 turns
 38231 | Depths:1 | Paralysed by a floating eye for 4 turns
 39336 | Depths:2 | Reached XP level 23. HP: 132/176 MP: 12/34
 39753 | Depths:2 | Found a one-way gate leading to the halls of Pandemonium.
 39754 | Depths:2 | Identified the ring "Pempireyde" {Ice rN++ Will+ rCorr
                  | Dex-4}
 39754 | Depths:2 | Noticed Josephina
 39784 | Depths:2 | Killed Josephina
 40058 | Depths:2 | Noticed a juggernaut
 40069 | Depths:2 | Killed a juggernaut
 40131 | Depths:2 | Reached skill level 15 in Ranged Weapons
 40312 | Depths:2 | Found Soph's Jewellery Shop.
 40642 | Depths:2 | Found a one-way gate to the infinite horrors of the Abyss.
 40870 | Depths:3 | Noticed Parghit
 41122 | Depths:3 | Found Kayd's Armour Emporium.
 41138 | Depths:2 | Noticed a golden dragon
 41151 | Depths:2 | Killed a golden dragon
 41194 | Depths:2 | Slain by a vampire knight

Illustrated notes

Levels and vault maps discovered:
D:1:      evilmike_arrival_plus, layout_basic
D:2:      layout_basic, uniq_terence
D:3:      layout_basic, ebering_ecumenical_altar_hall
D:4:      layout_gridville, elyvilon_altar_5, minmay_temple_entry_tees
D:5:      layout_rooms, fedhas_altar_1, ebering_ghost_sewer_f, dk_noncrumbling_4
D:6:      layout_basic, nicolae_ru_sacrificial_ziggurat
D:7:      layout_cave_pods
D:8:      layout_loops_ring, erik_lair_island, gammafunk_ghost_nasty_kobolds,
          minmay_misc_feat_four_crosses, chequers_arboretum
D:9:      layout_roguey, mainiacjoe_overflow_catwalk, enter_bailey_3
D:10:     wad_woods_minihive, layout_loops_ring,
          mainiacjoe_overflow_concentric_impassable,
          mainiacjoe_overflow_chevrons, zombieorc2_lemuel, uniq_erolcha,
          uniq_psyche, uniq_nergalle
D:11:     layout_small_grid, grunt_ministairs_4, abandoned_shop, uniq_sonja
D:12:     layout_loops_corners, dreamdust_princess_bridge, kennysheep_nub,
          st_stairs_1, dreamdust_wishing_well
D:13:     layout_layer_cave, skrybe_vaults_entry_preservation,
          kennysheep_crisscross, amcnicky_mini_corridor_feature,
          bh_walls_and_bars
D:14:     layout_basic, trog_three_pillars_becter
D:15:     hangedman_depths_entry_try_elsewhere_first, layout_irregular_city,
          cheibrodos_ashenzari_chains, minmay_crystal_water
Temple:   eino_temple_scatter_basement
Lair:1:   layout_gridlike, portal_ice_cave_entry_ice_simulacra,
          grunt_forest_stairs_basic, chequers_serial_rivers_micro_e,
          hellmonk_guarded_unrand_zhor, grunt_megastairs_2
Lair:2:   layout_roguey, nicolae_swamp_entry_splash_gauntlet,
          dreamdust_gnoll_shepherd, grunt_megastairs_5
Lair:3:   layout_gridlike, guppyfry_snake_entry_garden, gammafunk_ghost_ooze,
          grunt_forest_stairs_clearing, infiniplex_staircase_pool
Lair:4:   layout_hall_layers, nicolae_slime_entry_field_trip, st_stairs_7,
          nicolae_lair_time_for_slime
Lair:5:   minmay_lair_end_frog_pond, layout_layer_cave
Swamp:1:  layout_basic_swamp, evilmike_swamp_ruin_house_4, ldierk_geyser
Swamp:2:  layout_basic_swamp, hangedman_swamp_ruin_wall, uniq_frances
Swamp:3:  layout_basic_swamp, evilmike_swamp_ruin_house_3, hangedman_swamp_cone
Swamp:4:  swamp, layout_basic_swamp, nicolae_swamp_very_dense_foliage
Snake:1:  layout_cave_pods, ebering_ghost_gozag, grunt_megastairs_4,
          uniq_roxanne, uniq_jorgrun, uniq_rupert
Snake:2:  layout_grid_shapes, serial_shops, nicolae_shop_window_shopping,
          basic_altar, nicolae_stop_n_shop_1, grunt_ministairs_1, drop_trap,
          st_stairs_13
Snake:3:  layout_onion_interference, uniq_vashnia
Snake:4:  snake_pit_salamanders_mu, layout_basic, serial_curves, eino_curves_03,
          eino_curves_04, ebering_ghost_disaster_area, serial_shops, shop,
          uniq_aizul, uniq_bai_suzhen
Orc:1:    layout_diamond_mine
Orc:2:    st_orc_mages, layout_diamond_mine, serial_shops, freezing_bzr,
          nicolae_shop_waterfront, shop, shop, uniq_donald
Elf:1:    nicolae_elf_arrival_fired_up, layout_onion_city, serial_shops,
          nicolae_shop_trees, hangedman_elf_represent
Elf:2:    elven_hall_of_blades_hangedman_original [nooodl_blade_entry_preview],
          layout_gridlike, serial_shops, nicolae_shop_stone
Elf:3:    elf_hall, layout_gridlike, hellmonk_bongcloud_opening,
          nicolae_alphabet_shops
Vaults:1: vaults_room_ringed_pool, ontoclasm_vaults_ligature,
          nicolae_vaults_diagonal_hallway_7, v_misc_9, v_pattern_3,
          ontoclasm_vaults_misaligned, ontoclasm_vaults_pinch,
          hangedman_vaults_corner, hangedman_vaults_snaps,
          nicolae_vaults_three_branches, hangedman_vaults_maws,
          grunt_vaults_hallway_long, grunt_vaults_hallway_short,
          ontoclasm_vaults_loading_screen, layout_vaults_big_cross,
          serial_shops, nicolae_shop_competitors_out_of_business
Depths:1: layout_gridlike, enter_ziggurat_d, grunt_dithmenos_smoke, hell_entry,
          nicolae_concentric_dashed_squares_mild, grunt_decor_mini_mirrors,
          grunt_decor_one_mirror, kennysheep_minor_cross, kennysheep_two_boxes
Depths:2: minmay_inside_and_out, layout_gridlike, marbit_kobold_abyss_entry,
          serial_shops, shop, hell_entry, pan_entry, uniq_josephina
Depths:3: minmay_gate_of_8, layout_cave_pools, abyss_entry, serial_shops,
          nicolae_shop_stone, pf_hell_entry_tar_spiral, enter_trove_2,
          nicolae_titane, minmay_staircase_windowed_small, minmay_shop_grove,
          serial_bayou_shore_b, uniq_parghit

Skill      XL: |  1  2  3  4  5  6  7  8  9 10 11 12 13 14 15 16 17 18 19 20 21 22 23 |
---------------+----------------------------------------------------------------------+-----
Short Blades   | 1 |  1.3
Armour         | 1 2 7 10 | 10.0
Long Blades    | 3 4 6 8 10 11 13 14 15 18 | 18.2
Evocations     | 1 3 4 7 10 17 | 17.5
Invocations    | 3 7 9 10 11 14 15 | 15.0
Fighting       | 6 10 11 15 | 15.0
Dodging        | 6 10 13 15 | 15.0
Shields        | 6 9 10 | 10.0
Ranged Weapons | 6 10 11 12 13 17 | 17.1
Stealth        | |  5.0

Action                     |  1- 3 |  4- 6 |  7- 9 | 10-12 | 13-15 | 16-18 | 19-21 | 22-24 || total
---------------------------+-------+-------+-------+-------+-------+-------+-------+-------++-------
  Melee: Falchion          |     8 |       |       |       |       |       |       |       ||     8
         Dagger            |    47 |   201 |   444 |    97 |       |       |       |       ||   789
         Punch             |       |     4 |     6 |    12 |     8 |       |       |       ||    30
         Scimitar          |       |       |       |   714 |  1019 |   947 |   790 |   801 ||  4271
   Fire: Sling             |       |       |       |       |       |     4 |       |    77 ||    81
  Throw: Dart              |       |     2 |     4 |       |     8 |     1 |       |     3 ||    18
 Invoke: Purification      |       |     7 |    20 |    22 |     5 |     2 |     1 |     1 ||    58
         Heal Self         |       |       |       |     1 |     3 |    16 |    17 |    19 ||    56
         Heal Other        |       |       |       |       |     6 |    29 |    12 |     1 ||    48
Ability: Evoke Invisibilit |       |     3 |     9 |     8 |     2 |       |       |       ||    22
  Evoke: Wand              |       |       |     2 |    33 |    34 |    44 |    25 |     5 ||   143
         Piece from Xom's  |       |       |       |    10 |    17 |       |     1 |     4 ||    32
         Box of beasts     |       |       |       |       |     1 |     3 |     2 |     2 ||     8
         Phantom mirror    |       |       |       |       |       |     9 |       |     2 ||    11
         Tin of tremorston |       |       |       |       |       |       |       |     7 ||     7
    Use: Scroll            |     4 |     9 |     5 |     6 |    19 |    15 |    11 |     5 ||    74
         Potion            |     1 |       |       |     2 |     4 |     6 |    10 |     6 ||    29
   Stab: Sleeping          |     1 |     8 |     4 |    10 |     7 |     1 |       |       ||    31
         Invisible         |       |     1 |    18 |    16 |     6 |     5 |     5 |       ||    51
         Petrified         |       |       |       |    10 |       |       |       |       ||    10
         Paralysed         |       |       |       |     5 |     3 |       |       |       ||     8
         Distracted        |       |       |       |       |     1 |     2 |     1 |     1 ||     5
 Armour: Ring mail         |     2 |       |       |       |       |       |       |       ||     2
         Scale mail        |    41 |   103 |   188 |   319 |   228 |   444 |   327 |   430 ||  2080
         Animal skin       |       |       |       |       |    93 |    47 |       |       ||   140
  Dodge: Dodged            |    27 |    88 |   201 |   383 |   600 |   796 |   607 |   672 ||  3374
  Block: Buckler           |       |       |       |       |   220 |   608 |   415 |   455 ||  1698

Table legend: (Time is in decaauts)
 A = Elapsed time spent in this place.
 B = Non-inter-level travel time spent in this place.
 C = Inter-level travel time spent in this place.
 D = Time resting spent in this place.
 E = Time spent auto-exploring this place.
 F = Levels seen in this place.
 G = Mean time per level.
                   A        B        C        D        E       F      G
               +--------+--------+--------+--------+--------+-----+--------+
         Total |  41077 |  37306 |   3771 |   4478 |  18969 |  41 | 1001.9 |
       Dungeon |  14550 |  13459 |   1091 |    802 |   8001 |  15 |  970.0 |
        Temple |    200 |    183 |     17 |      0 |    166 |   1 |  200.0 |
          Lair |   5691 |   4799 |    892 |    237 |   2495 |   5 | 1138.2 |
         Swamp |   4041 |   3722 |    319 |    977 |   1429 |   4 | 1010.2 |
     Snake Pit |   5459 |   4819 |    640 |    782 |   2245 |   4 | 1364.8 |
  Orcish Mines |   1626 |   1357 |    269 |    140 |    680 |   2 |  813.0 |
   Elven Halls |   4700 |   4304 |    396 |    615 |   2207 |   3 | 1566.7 |
        Vaults |     14 |     14 |      0 |      0 |      0 |   1 |   14.0 |
        Depths |   3504 |   3359 |    145 |    621 |   1679 |   3 | 1168.0 |
        Bazaar |    127 |    127 |      0 |     19 |     50 |   1 |  127.0 |
        Bailey |    416 |    416 |      0 |     57 |      2 |   1 |  416.0 |
      Ice Cave |    742 |    742 |      0 |    227 |     14 |   1 |  742.0 |
               +--------+--------+--------+--------+--------+-----+--------+

Top non-repeatable levels by time:
 Snake:1: 1860 daAuts
   Elf:2: 1822 daAuts
    D:10: 1795 daAuts
Depths:2: 1794 daAuts
 Snake:4: 1546 daAuts
  Lair:5: 1503 daAuts
   Elf:3: 1438 daAuts
   Elf:1: 1438 daAuts
    D:13: 1431 daAuts
Depths:1: 1393 daAuts
    D:12: 1339 daAuts
 Swamp:1: 1295 daAuts
  Lair:3: 1234 daAuts
   Orc:2: 1126 daAuts
 Swamp:4: 1112 daAuts
